 Dungeon Crawl Stone Soup version 0.31.0-9-g3a7656b989 (webtiles) character file.

Game seed: 2170103509621490083

58 qw the Shooter (level 3, -1/20 HPs)
             Began as a Deep Elf Hunter on Feb 2, 2024.
             Slain by a gnoll
             ... wielding a +0 spear
              (7 damage)
             ... on level 2 of the Dungeon.
             The game lasted 00:00:05 (1431 turns).

qw the Shooter (Deep Elf Hunter)                    Turns: 1431, Time: 00:00:06

Health: -1/20      AC:  3    Str: 10    XL:     3   Next: 76%
Magic:  5/5        EV: 12    Int: 13    God:
Gold:   72         SH:  0    Dex: 18    Spells: 2/2 levels left

rFire   . . .        a - +0 shortbow
rCold   . . .        (shield currently unavailable)
rNeg    . . .        c - +0 leather armour
rPois   .            (no helmet)
rElec   .            (no cloak)
rCorr   .            (no gloves)
SInv    .            (no boots)
Will    .....        (no amulet)
Stlth   ++           (no ring)
HPRegen 0.23/turn    (no ring)
MPRegen 0.09/turn

%: no passive effects
@: no status effects
A: no striking features
a: no special abilities


You were on level 2 of the Dungeon.
You visited 1 branch of the dungeon, and saw 2 of its levels.

You collected 72 gold pieces.


   Skills:
 - Level 1.5 Fighting
 + Level 7.2 Ranged Weapons
 - Level 2.4 Dodging
 - Level 1.2 Stealth


You had 2 spell levels left.
You didn't know any spells.
Your spell library was empty.

Inventory:

Hand Weapons
 a - a +0 shortbow (weapon)
Armour
 b - a +0 ring mail
 c - a +0 leather armour (worn)
Scrolls
 d - 2 scrolls of fog {unknown}
Potions
 f - a potion of heal wounds
 h - a potion of might
 i - a potion of enlightenment {unknown}

Dungeon Overview and Level Annotations

Branches:
Dungeon (2/15)

Altars:


Message History

You shoot an arrow. The arrow hits the gnoll!
The gnoll is almost dead.
You shoot an arrow. The arrow hits the gnoll.
You kill the gnoll!
A gnoll comes into view. It is wielding a +0 spear.
You shoot an arrow. The arrow closely misses the gnoll.
The gnoll shouts!
You shoot an arrow.
The arrow hits the gnoll but does no damage.
A frilled lizard comes into view.
You shoot an arrow. The frilled lizard hisses angrily.
The arrow hits the gnoll but does no damage.
The gnoll hits you with a +0 flail!
Ouch! That really hurt!
A ball python comes into view.
You shoot an arrow. The arrow closely misses the gnoll.
The ball python hisses angrily.
The gnoll hits you with a +0 flail.
1427 ||| DRINKING 2 potions of heal wounds.
You feel much better. The gnoll misses you. The gnoll closely misses you.
You shoot an arrow. The arrow hits the gnoll.
The gnoll is lightly wounded.
The gnoll hits you from afar with a +0 spear.
A gnoll comes into view. It is wielding a +0 halberd.
The gnoll barely misses you.
Enter note: You shoot an arrow.
The arrow hits the gnoll.
The gnoll is moderately wounded.
The gnoll hits you from afar with a +0 spear!
The gnoll barely misses you.
You shoot an arrow. The arrow hits the gnoll!
The gnoll is almost dead.
The gnoll closely misses you. The gnoll barely misses you.
You shoot an arrow.
The arrow hits the gnoll but does no damage.
The gnoll is almost dead.
The gnoll hits you from afar with a +0 spear!
You die...

.####.......# ###
...........# #..
..#.......## #.##
#.##.......#
#.##.##.##....##.#
#.##..............
#.#####.##....##.#
#.#####.##.#.###.#
#@......##.#.# #.#
#.Sg#########....
..# ......g
###.##### ####..l
##.## ##g# #...#
.. #...#### ...
#...##.# ##?
#####...#.#.
.###...........


You could see 3 gnolls, a ball python and a frilled lizard.

Vanquished Creatures
  A gnoll (D:2)
  An adder (D:2)
  4 dart slugs
  A ribbon worm (D:2)
  An orc (D:2)
  2 endoplasms (D:2)
  2 giant cockroaches (D:1)
  A goblin (D:1)
  2 hobgoblins (D:1)
  3 kobolds (D:1)
  A quokka (D:1)
  5 ball pythons
  A bat (D:1)
  2 frilled lizards (D:1)
  3 rats (D:1)
30 creatures vanquished.

Notes
Turn   | Place    | Note
-------+----------+-------------------------------------------
     0 | D:1      | qw the Deep Elf Hunter began the quest for the Orb.
     0 | D:1      | Reached XP level 1. HP: 12/12 MP: 3/3
     0 | D:1      | 0 ||| qw: Version: 0.3-a-155-g5e7d8dd
     0 | D:1      | 0 ||| qw: Game counter: 466
     0 | D:1      | 0 ||| qw: Melee chars always use a shield: true
     0 | D:1      | 0 ||| qw: God list: Okawaru
     0 | D:1      | 0 ||| qw: Allow faded altars: false
     0 | D:1      | 0 ||| qw: Do Orc after clearing Dungeon:15 true
     0 | D:1      | 0 ||| qw: Do second Lair branch before Depths: true
     0 | D:1      | 0 ||| qw: Lair rune preference: random
     0 | D:1      | 0 ||| qw: Goals: Normal
     0 | D:1      | 0 ||| PLANNING D:1-11
    91 | D:1      | You fall into a shaft and drop 1 floor!
   158 | D:2      | 158 ||| READING 2 scrolls labelled TUGEFF JOFYE.
   159 | D:2      | 159 ||| DROPPING scroll of butterflies.
   348 | D:1      | Reached XP level 2. HP: 16/16 MP: 4/4
   353 | D:1      | Reached skill level 6 in Ranged Weapons
   511 | D:1      | Found a faded altar of an unknown god.
   667 | D:1      | Reached XP level 3. HP: 18/20 MP: 5/5
  1139 | D:1      | 1139 ||| DROPPING ring of wizardry.
  1140 | D:1      | 1140 ||| READING 2 scrolls of identify.
  1140 | D:1      | 1140 ||| IDENTIFYING puce potion
  1141 | D:1      | 1141 ||| READING scroll of identify.
  1141 | D:1      | 1141 ||| IDENTIFYING grey potion
  1142 | D:1      | 1142 ||| DRINKING 2 viscous black potions.
  1143 | D:1      | 1143 ||| DRINKING 4 emerald potions.
  1144 | D:1      | 1144 ||| DROPPING potion of lignification.
  1145 | D:1      | 1145 ||| DROPPING potion of brilliance.
  1299 | D:2      | HP: 4/20 [adder (3)]
  1300 | D:2      | 1300 ||| DRINKING 3 potions of heal wounds.
  1305 | D:2      | Reached skill level 7 in Ranged Weapons
  1426 | D:2      | HP: 4/20 [gnoll/+0 flail (3)]
  1427 | D:2      | 1427 ||| DRINKING 2 potions of heal wounds.
  1431 | D:2      | Slain by a gnoll

Levels and vault maps discovered:
D:1:      saegor_arrival_fortress, layout_loops_ring, serial_forest,
          infiniplex_forest_straight_5, infiniplex_forest_lined_3,
          infiniplex_forest_clump_small, infiniplex_forest_end_3,
          infiniplex_forest_straight_1, infiniplex_forest_lined_room_3,
          infiniplex_forest_straight_3, infiniplex_forest_straight_2,
          infiniplex_forest_clump_curved, basic_ecumenical_altar,
          serial_bayou_pond_c
D:2:      layout_loops_cross

Skill      XL: |  1  2  3 |
---------------+----------+-----
Ranged Weapons | 6 7 |  7.2
Fighting       | |  1.5
Dodging        | |  2.4
Stealth        | |  1.2

Action                     || total
---------------------------++-------
   Fire: Shortbow          ||   101
    Use: Scroll            ||     3
         Potion            ||     4
 Armour: Leather armour    ||    22
  Dodge: Dodged            ||    32

Table legend:
 A = Non-vault XP
 B = Vault XP
 C = Vault XP percentage of total XP
 D = Non-vault monster count
 E = Vault monster count
 F = Vault count percentage of total count
                 A         B        C        D         E       F
            +---------+---------+-------+---------+---------+-------
      Total |      84 |       0 |   0.0 |      30 |       0 |   0.0
            +---------+---------+-------+---------+---------+-------
        D:1 |      40 |       0 |   0.0 |      22 |       0 |   0.0
        D:2 |      44 |       0 |   0.0 |       8 |       0 |   0.0
            +---------+---------+-------+---------+---------+-------
